 Dungeon Crawl Stone Soup version 0.13-a0-1804-g486adc7 (webtiles) character file.

448 Fenriss the Vexing (level 6, 0/43 HPs)
             Began as a Vampire Arcane Marksman on June 24, 2013.
             Was an Initiate of Okawaru.
             Splashed by a jelly's acid (13 damage)
             ... in a sewer.
             The game lasted 00:39:39 (4879 turns).

Fenriss the Vexing (Vampire Arcane Marksman)        Turns: 4879, Time: 00:39:39

HP   0/43        AC  1     Str 10      XL: 6   Next: 20%
MP  11/11        EV 13     Int 15      God: Okawaru [......]
Gold 131         SH  0     Dex 15      Spells:  3 memorised,  5 levels left

Res.Fire  : . . .   See Invis. : +   b - +0 crossbow
Res.Cold  : + . .   Warding    : .   a - -1 robe
Life Prot.: + + .   Conserve   : .   (no shield)
Res.Poison: +       Res.Corr.  : .   (no helmet)
Res.Elec. : .       Clarity    : .   (no cloak)
Sust.Abil.: . .     Spirit.Shd : .   (no gloves)
Res.Mut.  : .       Stasis     : .   (no boots)
Res.Rott. : +       Flight     : .   (no amulet)
Saprovore : . . .                    (no ring)
                                     i - ring of sustenance

@: regenerating slowly, slightly resistant to hostile enchantments, unstealthy
A: bottle blood, fangs 3, see invisible, unbreathing
a: Bat Form, Bottle Blood, Renounce Religion


You were in a sewer.
You worshipped Okawaru.
Okawaru was pleased with you.
You were very thirsty.

You visited 1 branch of the dungeon, and saw 3 of its levels.
You also visited: Sewer.

You collected 81 gold pieces.

Inventory:

Hand weapons
 b - a +0,+0 crossbow (weapon)
Missiles
 c - 13 bolts (quivered)
 h - 16 bolts of flame
Armour
 a - a -1 robe (worn)
Magical devices
 p - a wand of lightning (5) {unknown}
Scrolls
 k - a scroll of magic mapping {unknown}
 m - a scroll of noise {unknown}
 o - a scroll of enchant weapon II {unknown}
 q - a scroll of random uselessness {unknown}
 r - a scroll of remove curse
 t - a scroll of amnesia {unknown}
Jewellery
 i - a ring of sustenance (left hand)
Potions
 f - a potion of might
 l - 4 potions of curing
 n - a potion of agility {unknown}
 s - a potion of restore abilities {unknown}
Books
 d - a book of Debilitation

   Spells                             Type                      Level
   *Corona                            Hexes                        1
   *Slow                              Hexes                        2
   *Inner Flame                       Hexes/Fire                   3
   Enslavement                        Hexes                        4
   Cause Fear                         Hexes                        4
   Leda's Liquefaction                Hexes/Earth                  4


   Skills:
 + Level 0.8 Fighting
 + Level 3.8 Crossbows
 + Level 2.7 Dodging
 + Level 1.4 Stealth
 + Level 0.6 Traps
 + Level 3.0 Spellcasting
 + Level 6.0 Hexes
 + Level 0.7 Fire Magic


You had 5 spell levels left.
You knew the following spells:

 Your Spells              Type           Power        Failure   Level  Hunger
a - Corona                Hex            ###....      1%          1    #......
b - Slow                  Hex            ###.....     2%          2    ##.....
c - Inner Flame           Hex/Fire       ##......     17%         3    ###....


Dungeon Overview and Level Annotations

Branches:
Dungeon (3/27)

Altars:
Okawaru
Zin


Innate Abilities, Weirdness & Mutations

You heal slowly.
You can bottle blood from corpses.
You have razor-sharp teeth.*
You have supernaturally acute eyesight.
You can survive without breathing.*


Message History

You shoot a bolt. The bolt hits the jelly.
The jelly is moderately wounded.
You hear a splash.
You hear a slurping noise.
Firing (i - inventory. (,) - cycle):
c - 14 bolts (quivered)
Press: ? - help, Shift-Dir - straight line, f/p - jelly
Aim: a jelly (moderately wounded)
You shoot a bolt. The bolt hits the jelly.
The jelly is heavily wounded.
You hear a splash.
You hear a slurping noise.
Press: ? - help, v - describe, . - travel Some shallow water.
Use which ability? (? or * to list)
You fail to use your ability.
The jelly hits you.
You are splashed with acid!
The acid burns!
You hear a slurping noise.
The jelly misses you. The jelly closely misses you. The jelly hits you!
You are splashed with acid!
The acid corrodes your -1 robe!
The acid burns!
You die...

#############
####.≈≈≈≈≈.≈≈≈≈#
.∩..≈.≈≈%≈≈≈≈≈≈#
..≈#########≈≈≈#
####≈≈.≈≈≈.≈≈≈≈####
#≈≈%≈#####≈≈≈≈≈#≈.##
≈%%≈≈#
#######≈≈≈####
%≈#### #≈@.≈≈≈≈##
### ##J≈#%≈..## #
#≈≈##.≈≈≈#
##≈≈##..≈##
#≈≈≈#≈≈.≈#
#.≈≈##≈≈≈##
#≈≈≈.#≈≈≈.#
#≈≈≈≈#...∩#
#≈≈≈≈#≈≈≈.#


You could see a jelly.

Vanquished Creatures
  2 jellies (Sewer)
  4 gnolls (D:2)
  10 adders
  A worm (D:2)
  6 giant mites
  An ooze (D:2)
  12 giant cockroaches
  8 goblins
  8 hobgoblins
  5 jackals
  5 kobolds
  6 ball pythons
  5 bats
  14 giant geckos
  12 giant newts
  6 rats
105 creatures vanquished.

Notes
Turn   | Place    | Note
--------------------------------------------------------------
     0 | D:1      | Fenriss, the Vampire Arcane Marksman, began the quest for the Orb.
     0 | D:1      | Reached XP level 1. HP: 15/15 MP: 2/2
   307 | D:1      | Reached XP level 2. HP: 21/21 MP: 2/4
   386 | D:1      | Learned a level 2 spell: Slow
   701 | D:2      | Found a glowing silver altar of Zin.
   953 | D:2      | Reached skill level 5 in Hexes
   953 | D:2      | Reached XP level 3. HP: 26/26 MP: 0/5
   985 | D:2      | Learned a level 3 spell: Inner Flame
  1660 | D:2      | Found an iron altar of Okawaru.
  1893 | D:2      | Became a worshipper of Warmaster Okawaru
  2047 | D:2      | Reached XP level 4. HP: 32/32 MP: 5/7
  3695 | D:2      | Reached XP level 5. HP: 30/37 MP: 5/9
  4175 | D:3      | Found a glowing drain.
  4199 | Sewer    | Entered a sewer
  4244 | Sewer    | Reached skill level 1 in Stealth
  4549 | Sewer    | Reached skill level 6 in Hexes
  4601 | Sewer    | Reached XP level 6. HP: 40/43 MP: 11/11
  4879 | Sewer    | Splashed by a jelly's acid

Action                   |  1- 3 |  4- 6 || total
-------------------------+-------+-------++-------
 Fire: Crossbow          |    65 |   135 ||   200
 Cast: Corona            |    12 |     5 ||    17
       Slow              |    11 |     3 ||    14
       Inner Flame       |       |    11 ||    11
 Abil: End Transformatio |     2 |     7 ||     9
       Bat Form          |     2 |     7 ||     9
  Use: Scroll            |     1 |     3 ||     4
       Potion            |       |     4 ||     4
